[Event "10th Cherry Blossom Classic 2023"]
[Site "Dulles"]
[Date "2023.05.28"]
[Round "6.4"]
[White "Paul, Justin"]
[Black "Bora, Safal"]
[Result "0-1"]
[ECO "C70"]
[WhiteElo "2314"]
[BlackElo "2462"]
[Annotator "TA"]
[PlyCount "62"]
[EventDate "2023.05.24"]
[EventType "swiss"]
[EventCountry "USA"]
[SourceTitle "playchess.com"]
[Source "ChessBase"]
[SourceQuality "1"]
[TimeControl "5400+30"]

1. e4 e5 2. Nf3 Nc6 3. Bb5 a6 4. Ba4 Nge7 5. c3 Ng6 6. O-O {[%emt 0:00:53] C70: Ruy Lopez: 3...a6 4 Ba4, Norwegian and Delayed Schliemann.} (6. d4 $14) 6... d5 $11 7. d4 {[%emt 0:01:53] [#] exd5 would be deadly.} dxe4 {[%emt 0:03:36] [#]} 8. Ng5 $146 (8. Bxc6+ $11 bxc6 9. Nxe5) ({Predecessor:} 8. Nxe5 Ngxe5 9. dxe5 Qxd1 10. Rxd1 Bd7 11. Bf4 O-O-O 12. Bc2 Re8 13. Nd2 Nxe5 14. Nxe4 {½-½ Martinez Alcantara,J (2591)-Sadhwani,R (2619) Chess.com Rapid Wk14 Swiss 2022 (7)}) 8... Be7 $1 $15 9. d5 ({White should play} 9. Bxc6+ $15 bxc6 10. Nxe4) 9... Bxg5 $17 10. dxc6 b5 ({Better is} 10... b6 11. Qxd8+ Bxd8) 11. Qxd8+ Bxd8 12. Bb3 f5 13. Rd1 Be7 14. a4 Rb8 15. axb5 Rxb5 16. Bd5 Nf4 17. Bxf4 (17. Bc4 $17 Rb6 18. Ra5) 17... exf4 $19 18. b4 {[%emt 0:00:34] [#]} (18. Ra2 $17 {was necessary.}) 18... Bf6 $1 19. Na3 Rb8 20. Rac1 Ke7 21. f3 e3 22. Bc4 Rb6 23. b5 axb5 24. Nxb5 Rxc6 25. Be2 Be6 26. Nd4 Bxd4 27. Rxd4 g5 28. g3 Rd8 29. Rcd1 (29. Rxd8 $142 Kxd8 30. gxf4 gxf4 31. Kf1) 29... Rxd4 {[%emt 0:00:11] Black is clearly winning.} 30. cxd4 Rc2 31. Bd3 Rd2 {[%emt 0:00:40] Weighted Error Value: White=0.63/Black=0.04 (flawless)} 0-1

[Event "10th Cherry Blossom Classic 2023"]
[Site "Dulles"]
[Date "2023.05.28"]
[Round "6.5"]
[White "Matviishen, Viktor"]
[Black "Williams, Justus"]
[Result "1-0"]
[ECO "E94"]
[WhiteElo "2538"]
[BlackElo "2396"]
[Annotator "TA"]
[PlyCount "77"]
[EventDate "2023.05.24"]
[EventType "swiss"]
[EventCountry "USA"]
[SourceTitle "playchess.com"]
[Source "ChessBase"]
[SourceQuality "1"]
[TimeControl "5400+30"]

1. d4 Nf6 2. c4 g6 3. Nc3 Bg7 4. e4 d6 5. Be2 Nbd7 6. Be3 e5 7. Nf3 O-O 8. O-O Qe7 9. Qc2 h6 {[%emt 0:10:59] E94: King's Indian: Classical: 6 Be2 e5 7 0-0: Various Black 7th moves.} 10. d5 {[%emt 0:06:21] [#]} Nh7 $146 ({Predecessor:} 10... Ng4 11. Bd2 Nb6 12. b4 f5 13. Rfc1 Bd7 14. Qb3 Nxf2 15. c5 fxe4 16. Nxe4 Nxe4 17. cxb6 Nxd2 18. Nxd2 {1-0 Bursa,R (1800)-Nowak,K (1800) POL-ch U18 Girls 2000 (5)}) 11. Nd2 f5 {[%emt 0:07:47] White is better.} 12. f3 Ndf6 {[%emt 0:02:32] [#]} 13. c5 dxc5 $14 14. b4 cxb4 15. Nb5 Ne8 16. Bc5 Qd8 {[%emt 0:05:50][%cal Oa7a6] Strongly threatening ...a6!} 17. Bxf8 Bxf8 18. Rac1 $36 {[%emt 0:00:07][%cal Rb5c7][%mdl 2048] White has the initiative.} b6 (18... Bd7 $1 $11) 19. Qc6 (19. Nxc7 Bc5+ 20. Kh1 (20. Qxc5 $2 bxc5 21. Nxa8 Bb7 $19) 20... Qxc7 $19) ({White should try} 19. d6 $1 $16 cxd6 20. Nxa7 {[%mdl 64] Deflection} Rxa7 21. Qxc8 Qxc8 22. Rxc8) 19... Bd7 $1 20. Qxg6+ Kh8 {[%emt 0:00:05] Black is weak on the light squares} 21. f4 {[%emt 0:06:42][%cal Bf3f4,Bf4e5][%mdl 32] White is much more active. The black rooks are badly placed.} (21. exf5 a6 22. Nxc7 Nxc7 $11) 21... a6 {[%emt 0:08:57] [#]} (21... exf4 $16 22. Nd4 (22. exf5 Bc5+ 23. Kh1 a6 $11) (22. Rxf4 Qg5 $15) 22... Nef6) 22. Nxc7 $1 $18 {[%emt 0:00:41][%mdl 576] Discovered Attack} Nxc7 23. fxe5 (23. exf5 Nxd5 24. fxe5 Ne7 $17) (23. Qxb6 $6 Nb5 24. Qxd8 Rxd8 $11) 23... Bc5+ {[%emt 0:02:42] [#]} (23... Bg7 $142) 24. Rxc5 $1 bxc5 25. d6 ({Much worse is} 25. exf5 $6 Nxd5 26. Qxh6 (26. f6 Qg8 $15) 26... Qf8 $11) (25. Qxh6 $16 {aiming for e6.} Qf8 26. Qb6) 25... Ne6 $2 (25... Nb5 $14) 26. exf5 (26. Qxf5 $2 {loses.} Nd4 27. Qf2 Nxe2+ 28. Qxe2 Bb5 $19) 26... Nd4 {[%emt 0:00:39] [#]} 27. Bc4 Qh4 {[%emt 0:04:29] Black cannot hold the game after this.} (27... Qe8 $16) 28. f6 Qg5 {[%emt 0:06:19] [#]} 29. Qg7+ {[%emt 0:00:15][%mdl 576] Decoy} Qxg7 30. fxg7+ Kxg7 {[%emt 0:00:06] White must now prevent ...Ng5.} 31. Rf7+ Kg6 32. Rxd7 Nf8 33. Bd3+ Kg5 34. Rf7 (34. Rg7+ $142 Kf4 35. Nc4 Nfe6 36. g3+ Kf3 37. Rf7+ Kg4 38. Ne3+ Kg5 39. Rf6) 34... Nfe6 {[%emt 0:02:23] White is clearly winning.} 35. Nf3+ Nxf3+ 36. gxf3 Kh4 37. Bc4 Ng5 38. Rf4+ Kh5 39. Kg2 {[%emt 0:00:32] A superb game by Matviishen.   Weighted Error Value: White=0.15 (very precise) /Black=0.87} 1-0

[Event "10th Cherry Blossom Classic 2023"]
[Site "Dulles"]
[Date "2023.05.28"]
[Round "6.6"]
[White "Druska, Juraj"]
[Black "Sinha, Sahil"]
[Result "1/2-1/2"]
[ECO "B53"]
[WhiteElo "2496"]
[BlackElo "2317"]
[Annotator "TA"]
[PlyCount "97"]
[EventDate "2023.05.24"]
[EventType "swiss"]
[EventCountry "USA"]
[SourceTitle "playchess.com"]
[Source "ChessBase"]
[SourceQuality "1"]
[TimeControl "5400+30"]

1. e4 c5 2. Nf3 d6 3. d4 cxd4 4. Qxd4 a6 5. h3 Nc6 6. Qe3 {[%emt 0:00:12] B53: Sicilian: 2...d6: Lines with Qxd4.} g6 {[%emt 0:01:55] 6...g6 scores better than 6...Nf6.} 7. Be2 Bg7 8. c4 Nf6 9. O-O O-O 10. Nc3 b6 11. Rd1 Nd7 12. b3 Bb7 13. Bb2 Nc5 14. Rab1 a5 (14... e5 $1 $11) 15. Nd5 f6 {[%emt 0:08:21] [#]} 16. Nh2 $146 {[%emt 0:15:41] White has more active pieces.} (16. a3 $14) ({Predecessor:} 16. a3 e6 17. Nc3 Qe7 18. Nb5 Rfd8 19. Ne1 Ne5 20. f4 Bh6 21. Nc3 Rdc8 22. g4 {1-0 Du Plessis,H (2075)-Wu,K (1905) Wch U20 51st 2012 (4)}) 16... e6 17. Nc3 Qe7 18. Nb5 Rad8 19. Rd2 (19. a3 $5 ) 19... Ne5 20. f3 f5 21. exf5 exf5 {[%emt 0:00:47][%cal Oe5f3] And now ...Nxf3+! would win.} 22. Kh1 f4 23. Qf2 d5 (23... Rd7 $11) 24. cxd5 $16 Bxd5 {[%emt 0:11:04] [#]} 25. Rbd1 (25. Bxe5 $1 $16 Qxe5 26. Rbd1) 25... Bc6 $11 {[%emt 0:03:43] The position is equal.} 26. Ng4 (26. Bxe5 {simplifies} Bxe5 27. Nd4 Bd7 28. Bc4+) 26... Nxg4 27. Bc4+ Bd5 $1 28. Bxd5+ Rxd5 29. hxg4 Nd3 {[%emt 0:00:57][%mdl 64] [#] Deflection} 30. Rxd3 Rxd3 31. Rxd3 Bxb2 32. Rd1 ({Much worse is} 32. Qxb2 Qh4+ 33. Kg1 Qe1+ 34. Kh2 Re8 $19) 32... Rd8 33. Rxd8+ Qxd8 {[%emt 0:00:02][%mdl 4096] Endgame KQB-KQN} 34. Qe2 Qf6 35. Kg1 Bd4+ 36. Nxd4 Qxd4+ {[%emt 0:00:02] KQ-KQ} 37. Kh2 Kf7 {[%emt 0:01:11] Inhibits Qe6+.} 38. Qc2 Kf6 39. Qc6+ Kg5 40. Qc7 h5 41. gxh5 Kxh5 42. Kh3 Kg5 {[%emt 0:00:02] ( -> ...Qh8+)} 43. Qe7+ Kf5 {[%emt 0:00:33] Strongly threatening ...Qh8+.} 44. Qf8+ Kg5 45. Qc8 Qf6 46. Qg4+ Kh6 47. Qd7 Qg5 48. Kh2 Qg3+ 49. Kh1 {[%emt 0:00:02] An interesting game.   Weighted Error Value: White=0.08 (flawless) /Black=0.10 (very precise)} 1/2-1/2

[Event "10th Cherry Blossom Classic 2023"]
[Site "Dulles"]
[Date "2023.05.28"]
[Round "6.7"]
[White "Hilby, Craig"]
[Black "Ouellet, Maili-Jade"]
[Result "1-0"]
[ECO "D41"]
[WhiteElo "2401"]
[BlackElo "2246"]
[Annotator "TA"]
[PlyCount "55"]
[EventDate "2023.05.24"]
[EventType "swiss"]
[EventCountry "USA"]
[SourceTitle "playchess.com"]
[Source "ChessBase"]
[SourceQuality "1"]
[TimeControl "5400+30"]

1. d4 d5 2. Nf3 Nf6 3. g3 e6 4. Bg2 c5 5. c4 cxd4 6. O-O Be7 7. cxd5 Nxd5 8. Nxd4 O-O 9. Nc3 Nxc3 10. bxc3 a6 11. Qc2 {[%emt 0:08:54] D41: Queen's Gambit Declined: Semi-Tarrasch with 5 cxd5.} Qc7 12. Rb1 {[%emt 0:01:01] [#]} h6 $146 ({Predecessor:} 12... g6 13. Bh6 Re8 14. Rfd1 e5 15. Nf3 Bf5 16. e4 Be6 17. Ng5 Bc4 18. Bf1 b5 19. a4 Nd7 20. axb5 axb5 21. Rxb5 Rac8 22. Rbb1 {½-½ Ali Marandi,C (2385)-Firat,B (2458) Olomouc GM 17th 2014 (5)}) 13. Rd1 {[%emt 0:06:47] White is slightly better.} Bc5 14. Nb3 Be7 15. Be3 Nd7 16. c4 Nc5 17. Nxc5 Bxc5 18. Bxc5 Qxc5 19. Qb3 Qc7 20. Qb6 {[%emt 0:02:44] White is more active.} (20. Bxb7 $2 Rb8 21. Qc3 Bxb7 $19) ({White should play} 20. h4 $16) 20... Qxc4 $11 21. Rd8 (21. Bxb7 Bxb7 22. Qxb7 Qxe2 $17) 21... Rxd8 22. Qxd8+ Kh7 23. h4 (23. Qe8 $5 ) 23... a5 $2 {[%emt 0:06:37][%mdl 8192] Loses the game.} (23... Qxe2 24. Rc1 $18 (24. Bxb7 $2 Bxb7 25. Qd1 Qe4 $19)) (23... e5 $1 $11 {and Black stays safe.}) 24. Qf8 $18 {[%emt 0:02:52] aiming for Rd1.} e5 {[%emt 0:10:59] [#]} (24... Qxa2 $2 25. Rc1 f6 26. Be4+ f5 27. Bf3 $18 (27. Rxc8 Rxc8 28. Bxf5+ exf5 $11)) (24... Qxe2 $2 25. Qxf7 Qd3 26. Rc1 $18) 25. Rd1 $1 {[%emt 0:01:00] Threatens to win with Rd8.} Qxe2 26. Rd8 {[%emt 0:00:41] Qh8+ would be deadly.} Qe1+ {[%emt 0:02:07] [#]} 27. Kh2 $1 {[%emt 0:00:22] h5 would kill now.} ({Don't go for} 27. Bf1 $2 Be6 28. Rxa8 Bc4 $19) 27... Qxf2 28. h5 {[%emt 0:00:52] Weighted Error Value: White=0.11 (very precise) /Black=0.86} ({Not} 28. Rxc8 Rxc8 29. Qxc8 Qxa2 $14) 1-0

[Event "10th Cherry Blossom Classic 2023"]
[Site "Dulles"]
[Date "2023.05.28"]
[Round "6.8"]
[White "Stearman, Josiah"]
[Black "Marjanovic, Annamaria"]
[Result "1/2-1/2"]
[ECO "C91"]
[WhiteElo "2385"]
[BlackElo "2273"]
[Annotator "TA"]
[PlyCount "42"]
[EventDate "2023.05.24"]
[EventType "swiss"]
[EventCountry "USA"]
[SourceTitle "playchess.com"]
[Source "ChessBase"]
[SourceQuality "1"]
[TimeControl "5400+30"]

1. e4 e5 2. Nf3 Nc6 3. Bb5 a6 4. Ba4 Nf6 5. O-O Be7 6. Re1 b5 7. Bb3 d6 8. c3 O-O 9. d4 Bg4 10. Be3 Bh5 11. Nbd2 d5 {[%emt 0:17:31] C91: Closed Ruy Lopez: 7...d6 8 c3 0-0 9 d4.} 12. exd5 Nxd5 13. Bxd5 Qxd5 14. Qb3 Rad8 {[%emt 0:25:30] [#]} 15. Nxe5 $146 ({Predecessor:} 15. Qxd5 Rxd5 16. dxe5 Rfd8 17. h3 Nxe5 18. Nxe5 Rxe5 19. Bd4 Rxe1+ 20. Rxe1 c5 21. Rxe7 cxd4 22. cxd4 Kf8 23. Ra7 Rxd4 24. Nb3 {½-½ Stripunsky,A (2360)-Zvjaginsev,V (2400) Moscow6 1991}) 15... Nxe5 {[%emt 0:00:27] The position is equal.} 16. dxe5 (16. Qxd5 {simplifies} Rxd5 17. dxe5 b4 18. f4) 16... Qxe5 17. Bd4 {[%emt 0:00:24][%mdl 64] [#] Pin} Qd6 18. Ne4 Qd7 19. a4 Bg6 20. axb5 axb5 21. Nc5 Bxc5 {[%emt 0:01:13] A rather calm draw.   Weighted Error Value: White=0.03 (flawless) /Black=0.07 (flawless)} 1/2-1/2

[Event "10th Cherry Blossom Classic 2023"]
[Site "Dulles"]
[Date "2023.05.28"]
[Round "6.9"]
[White "Park, Evan"]
[Black "Morefield, Jason"]
[Result "1/2-1/2"]
[ECO "C65"]
[WhiteElo "2380"]
[BlackElo "2167"]
[Annotator "TA"]
[PlyCount "145"]
[EventDate "2023.05.24"]
[EventType "swiss"]
[EventCountry "USA"]
[SourceTitle "playchess.com"]
[Source "ChessBase"]
[SourceQuality "1"]
[TimeControl "5400+30"]

1. e4 e5 2. Nf3 Nc6 3. Bb5 Nf6 4. d3 Bc5 5. c3 d5 6. Nbd2 {[%emt 0:03:48] C65: Ruy Lopez: Berlin Defence (3...Nf6), unusual lines and 4 0-0 Bc5.} O-O 7. O-O dxe4 8. dxe4 a5 9. Bxc6 {[%emt 0:05:12] is the legacy move (9.a3).} bxc6 10. Nxe5 Re8 11. Nxc6 {[%emt 0:01:49] A dynamic duo of knights.} Qd7 {[%emt 0:01:14] [#]} 12. Nd4 Bxd4 (12... a4 13. e5) 13. cxd4 Qxd4 14. Nf3 (14. Qc2 {seems wilder.} Ba6 15. Re1 Bd3 16. Qxc7 Bxe4 17. Qc3) 14... Qxe4 15. Re1 Qb7 16. Rxe8+ Nxe8 17. Qd4 {[%emt 0:00:39] [#]} a4 $146 {[%emt 0:04:00] Black is weak on the dark squares} ({Predecessor:} 17... Be6 18. Bd2 c5 19. Qxc5 {½-½ Krebs,J (2331)-Mihatsch,T (2335) GER-ch50 V04 email 2018}) 18. Bf4 Be6 19. a3 Bd5 20. Nh4 Be6 21. Re1 h6 22. Ng6 {[%emt 0:05:09][%cal Oh2h3][%mdl 64] Deflection} Qb6 23. Ne7+ Kf8 24. Ng6+ Kg8 $1 25. Ne7+ Kf8 26. Qe4 Rd8 27. Nc6 Rd5 28. Nb4 Rd8 29. Be3 Qb5 30. Nc6 Nd6 31. Qc2 ({Much weaker is} 31. Qh4 Re8 32. Nd4 Qxb2 33. Nxe6+ Rxe6 $11) 31... Bf5 32. Qc1 Re8 33. Nd4 Qd7 34. Qc5 Be4 35. h3 Bb7 36. Rc1 Re7 37. b4 axb3 38. Nxb3 Kg8 39. Na5 Ne4 40. Qd4 Qxd4 (40... Bd5 $5) 41. Bxd4 Bd5 42. Nc6 Rd7 {[%emt 0:00:48] ...Bxc6 is the strong threat.} 43. Ne5 Re7 44. f3 Nd6 ({Better is} 44... Ng5 $11) 45. Rc5 Bb7 46. Bc3 f6 47. Nc6 Rd7 (47... Bxc6 $1 $11 48. Rxc6 Nb5) 48. a4 $14 Kf7 (48... Nf7 $14) 49. a5 {[%emt 0:01:45] White is more active.} Ke8 (49... Bxc6 $142 50. Rxc6 Nb5) 50. Nb4 Kd8 51. a6 Ba8 52. Nd5 Ne8 {[%emt 0:01:09] [#]} 53. Nf4 (53. Rb5 $142 $1 Kc8 54. a7) 53... Rd6 54. a7 Ra6 55. Ra5 Rxa5 56. Bxa5 {[%emt 0:00:01][%mdl 4096] Endgame KBN-KBN} g5 57. Nd3 Nd6 58. Bb4 Nc8 59. Bc5 Nb6 60. Bd4 Nd7 61. Kf2 Ke7 62. Nc5 Nxc5 63. Bxc5+ {[%emt 0:00:02] KB-KB} Ke6 64. g4 {[%emt 0:00:15] aiming for Bf8.} Kf7 $1 {[%emt 0:00:13] Prevents Bf8.} 65. Ke3 Kg6 66. f4 (66. Bf8 $14) 66... f5 $1 $11 {[%emt 0:00:50] The position is equal.} 67. Bd4 fxg4 68. hxg4 {[%emt 0:00:04] Hoping for f5+.} gxf4+ $1 69. Kxf4 h5 70. gxh5+ Kxh5 71. Kf5 c5 72. Bxc5 Bb7 73. Ke6 {[%emt 0:00:07] Weighted Error Value: White=0.10 (very precise) /Black=0.13 (very precise)} 1/2-1/2

[Event "10th Cherry Blossom Classic 2023"]
[Site "Dulles"]
[Date "2023.05.28"]
[Round "6.10"]
[White "Sriniaiyer, Sudarshan"]
[Black "Muzychuk, Anna"]
[Result "1/2-1/2"]
[ECO "E49"]
[WhiteElo "2211"]
[BlackElo "2504"]
[Annotator "TA"]
[PlyCount "40"]
[EventDate "2023.05.24"]
[EventType "swiss"]
[EventCountry "USA"]
[SourceTitle "playchess.com"]
[Source "ChessBase"]
[SourceQuality "1"]
[TimeControl "5400+30"]

1. d4 Nf6 2. c4 e6 3. Nc3 Bb4 4. e3 O-O 5. Bd3 d5 6. a3 Bxc3+ 7. bxc3 dxc4 8. Bxc4 c5 9. Bb2 {[%emt 0:01:24] E49: Nimzo-Indian: Rubinstein: 5 Bd3 d5 6 a3 Bxc3+ 7 bxc3.} ({Much worse is} 9. dxc5 Qxd1+ 10. Kxd1 Nbd7 $17) 9... Qc7 {[%emt 0:00:06] [#] aiming for ...cxd4.} (9... Qb6 $5 10. Qe2 Bd7 $11) 10. Bd3 b6 11. Qe2 {[%emt 0:05:26] The position is equal.} Bb7 12. e4 Nbd7 13. Nh3 c4 14. Bc2 e5 {[%emt 0:00:05] [#] Hoping for ...exd4.} 15. d5 $146 ({Predecessor:} 15. O-O Rac8 16. f3 exd4 17. cxd4 c3 18. Bc1 Qc4 19. Qxc4 Rxc4 20. Be3 Rc7 21. Rfc1 {1-0 Storkebaum,K (2301)-Portych,V (2195) FIN jub50 Gr43 email 2012}) 15... Nc5 16. f3 Ne8 17. O-O Nd6 18. Nf2 g6 19. Rad1 Rae8 20. g4 f6 {[%emt 0:04:11] Weighted Error Value: White=0.08 (flawless) /Black=0.10 (very precise)} 1/2-1/2

[Event "10th Cherry Blossom Classic 2023"]
[Site "Dulles"]
[Date "2023.05.28"]
[Round "6.11"]
[White "Tanenbaum, Zachary"]
[Black "Plotkin, Mark"]
[Result "1-0"]
[ECO "B35"]
[WhiteElo "2261"]
[BlackElo "2341"]
[Annotator "TA"]
[PlyCount "59"]
[EventDate "2023.05.24"]
[EventType "swiss"]
[EventCountry "USA"]
[SourceTitle "playchess.com"]
[Source "ChessBase"]
[SourceQuality "1"]
[TimeControl "5400+30"]

1. e4 c5 2. Nf3 Nc6 3. Nc3 g6 4. d4 cxd4 5. Nxd4 Bg7 6. Be3 Nf6 7. Bc4 O-O 8. Bb3 d6 9. h3 Bd7 10. O-O Rc8 11. f4 Qa5 {[%emt 0:04:05] was the old line (11...Nxd4).} 12. Qd3 Rfd8 {[%emt 0:06:05] B35: Sicilian: Accelerated Dragon with 5 Nc3: main line.} (12... Nxd4 $11 {should be considered.} 13. Bxd4 (13. Qxd4 Nh5 $11) 13... Bc6) 13. Rae1 a6 (13... Nxd4 $14 14. Bxd4 (14. Qxd4 Be6 $11) 14... e5 15. fxe5 dxe5) 14. Nxc6 (14. Qc4 $6 d5 15. exd5 (15. Nxd5 Nxd5 16. Nxc6 Bxc6 $17) 15... Nb4 $11) 14... Bxc6 {[%emt 0:00:42] White is better.} 15. f5 {[%emt 0:01:05] [#]} (15. Qc4 d5 16. Qc5 Qxc5 17. Bxc5 d4 $17) 15... Rf8 $146 {[%emt 0:15:05] [#]} ({Black should play} 15... Rd7) ({Predecessor:} 15... b5) 16. e5 $1 $16 dxe5 17. fxg6 {[%emt 0:00:12] White is more active.} e4 (17... hxg6 $16 18. Qxg6 Bd5) 18. Bxf7+ Kh8 19. Qe2 Qe5 20. Rf4 b5 (20... Bh6 $142 21. Qf2 Rxf7) 21. Qf2 $18 Be8 $2 (21... Bh6 22. Rf5 Bxe3 23. Rxe3 (23. Rxe5 $2 {too greedy.} Bxf2+ 24. Kxf2 hxg6 $19) 23... Qd6) 22. Bd4 Qc7 23. Bxe8 $2 (23. Rxf6 Bxf7 24. Rxf7 Rxf7 25. gxf7) 23... Rfxe8 $2 (23... e5 {keeps fighting.} 24. Nd5 (24. Nxe4 exf4 25. Bf7 Qxc2 $18) 24... Qd6) 24. Nxe4 hxg6 25. Ng5 Kg8 26. Ne6 Qd7 27. Nxg7 {[%emt 0:00:20][%mdl 64] Remove Defender} Kxg7 {[%emt 0:00:02] Black is weak on the dark squares} 28. Rxf6 {[%emt 0:00:43] White mates.} ({Not} 28. Bxf6+ exf6 29. Rxe8 Qxe8 $16) 28... exf6 29. Qxf6+ Kh7 30. Qh4+ {[%emt 0:00:18] Black got outplayed after the opening.   Weighted Error Value: White=0.43/Black=0.83} 1-0

[Event "10th Cherry Blossom Classic 2023"]
[Site "Dulles"]
[Date "2023.05.28"]
[Round "6.12"]
[White "Senft, Sean"]
[Black "Zhukova, Natalia"]
[Result "1/2-1/2"]
[ECO "D35"]
[WhiteElo "2089"]
[BlackElo "2324"]
[Annotator "TA"]
[PlyCount "201"]
[EventDate "2023.05.24"]
[EventType "swiss"]
[EventCountry "USA"]
[SourceTitle "playchess.com"]
[Source "ChessBase"]
[SourceQuality "1"]
[TimeControl "5400+30"]

1. d4 d5 2. c4 e6 3. Nc3 c6 4. cxd5 exd5 5. Nf3 Nf6 6. Bg5 Bd6 7. Qc2 O-O 8. e3 Re8 9. Bd3 h6 10. Bh4 Be6 {[%emt 0:00:45] D35: Queen's Gambit Declined: Exchange Variation.} 11. O-O Nbd7 {[%emt 0:00:26] Against Ne5} 12. Bg3 Bxg3 13. hxg3 a5 {[%emt 0:02:47] [#]} 14. Rac1 $146 ({Predecessor:} 14. Rfc1 Qb8 15. Nd2 Qd6 16. Na4 Qc7 17. Rab1 Qd6 18. a3 Rac8 19. Nb3 Kh8 20. Qd2 b6 21. Qc2 {½-½ Kluger,G-Rejfir,J Warsaw Team-ch 1956 (5.5)}) 14... Qb8 15. Rfe1 Qd6 16. Qd2 Bg4 17. Nh2 Bh5 18. Qc2 Nf8 19. Nf3 Bg6 20. Ne5 Bxd3 21. Qxd3 N8d7 22. Nxd7 Qxd7 23. Na4 Qd6 24. Nc5 Re7 25. Rc3 g6 26. Qc2 h5 27. Rb3 Rb8 28. Rb6 Kg7 29. Qb3 Ng4 30. Qd1 $1 g5 31. Qf3 Kg6 32. Rd1 f5 (32... Qc7 $5 33. Rb3 f5 $11) 33. Nd3 (33. Rc1 $1 $11 {keeps the balance.} Qd8 34. Rb3) 33... Rbe8 $1 $17 34. Ne5+ Nxe5 35. dxe5 Qc7 (35... Qxe5 36. Rxd5 (36. Qxd5 Qxd5 37. Rxd5 Ra8 $11) 36... Qe6 37. Rxa5 $16) 36. e4 (36. Rb3 $17 {was forced.}) 36... dxe4 (36... Qxb6 $19 {has better winning chances.} 37. Qxf5+ Kh6 38. Qf6+ Kh7 39. Qf5+ Kh8 40. Qf6+ Rg7 41. exd5 Qd8 42. Qxd8 {[%mdl 64] Remove Defender} Rxd8) 37. Qb3 Qxe5 (37... Rxe5 $2 38. Rxb7 $18) ({Better is} 37... e3 $1 $17 {[%cal Re3f2] Threatens to win with ...exf2+.} 38. f4 (38. fxe3 $2 Qxe5 39. Rxb7 Rxb7 $17) (38. Rd6+ Qxd6 39. exd6 e2 $17) 38... e2) 38. Rxb7 $15 e3 39. fxe3 ({Only move:} 39. Rxe7 $1 $15 exf2+ 40. Kxf2 Qxe7 41. Qd3) 39... Rxb7 $1 $19 (39... Qxg3 40. Rxe7 Rxe7 41. Qg8+ Kf6 42. Qf8+ Rf7 43. Qh8+ (43. Qh6+ Ke7 $11) 43... Kg6 44. e4 fxe4 45. Qg8+ Rg7 46. Qe6+ Kh7 47. Qxe4+ Kh6 48. Rd8 $11) (39... Qxe3+ 40. Qxe3 Rxe3 41. Rdd7 $15) 40. Qxb7 Qxe3+ $15 {[%emt 0:00:36][%mdl 4096] Endgame KQR-KQR} (40... Qxg3 41. Qxc6+ Kf7 42. Qd7+ Re7 43. Qxf5+ Kg7 44. Qxa5 $16) 41. Kh2 {[%emt 0:01:08] [#]} (41. Kh1 {was the only chance.} h4 42. g4 fxg4 43. Qd7) 41... h4 $1 $19 42. gxh4 {[%emt 0:00:57] [#]} gxh4 $2 ({Black should play} 42... Re4 $1 $19 43. Rd6+ Kh5 44. Qf7+ (44. Qxc6 $2 Rxh4#) (44. Qh7+ $2 Kg4 $19) 44... Kg4) 43. Qxc6+ $11 {[%emt 0:00:59] The position is equal.} Re6 44. Qc7 {[%emt 0:00:34] Wards off Qg3+} f4 45. Qc2+ Kh6 46. Rd3 Qe5 47. Rf3 Rg6 48. Qd2 Rg4 49. Kh1 Qe4 50. Qd6+ Kh5 51. Qc5+ Rg5 52. Qf2 Rg4 53. Qc5+ Rg5 54. Qf8 ({Don't do} 54. Qf2 Rg4 $14) 54... Qb1+ 55. Kh2 Qxb2 56. Qf7+ Kh6 57. Qe6+ Rg6 58. Qh3 Qf6 59. Qd7 Rg3 60. Qd3 Qg5 61. Qa6+ Kh5 62. Qe2 Kh6 63. Qa6+ Kh5 64. Qe2 Rxf3 65. Qxf3+ {[%emt 0:00:04] KQ-KQ} Kh6 66. Qc6+ Qg6 67. Qc7 Qg3+ 68. Kh1 Qe1+ 69. Kh2 Qg3+ 70. Kh1 Qg5 71. Qd6+ Kh5 72. Qd1+ Kg6 73. Qd6+ Qf6 74. Qd3+ $1 Qf5 75. Qd6+ Kh5 76. Qd1+ Kg6 77. Qd6+ Qf6 78. Qd3+ Kh6 79. Qd2 Qe5 80. Qd8 Kh5 81. Qf8 Qe1+ 82. Kh2 Qg3+ 83. Kh1 Qe1+ 84. Kh2 Qe5 85. Qf7+ Kg5 86. Qg8+ Kf5 87. Qh7+ Kg5 88. Qg8+ Kf5 89. Qh7+ Ke6 90. Qg8+ Kd7 91. Qf7+ Kd6 92. Qg6+ (92. Kh3 Qe3+ 93. Kh2 (93. Kxh4 Qg3+ 94. Kh5 Qh2+ 95. Kg6 Qxg2+ 96. Kf5 Qc2+ 97. Kg5 Qc5+ 98. Kg4 Qg1+ 99. Kf5 Qc5+ 100. Kg4 Qg1+ 101. Kf5 Qe3 $15) 93... Qg3+ 94. Kh1 h3 95. Qf8+ Kd5 96. Qf5+ Kc4 97. gxh3 Qe3) 92... Kc5 93. Qc2+ Kb6 {[%emt 0:00:42] White must now prevent ...f3+.} 94. Qg6+ Kb7 95. Qf7+ Kb6 96. Qg6+ Kc5 97. Qc2+ Kd6 {[%emt 0:00:17] aiming for ...f3+.} 98. Qd3+ Kc7 {[%emt 0:01:00] ( -> ...f3+)} 99. Qc2+ Kd6 {[%emt 0:00:43] ...f3+ would be deadly.} 100. Qg6+ Kc5 101. Qc2+ {[%emt 0:00:11] Weighted Error Value: White=0.18 (very precise) /Black=0.16 (very precise)} 1/2-1/2